 Dungeon Crawl Stone Soup version 0.23.2 (webtiles) character file.

Game seed: 14301488900613323511

3255 esteth the Cleaver (level 10, -3/70 HPs)
             Began as a Formicid Abyssal Knight on Apr 13, 2019.
             Was an Elder of Lugonu.
             Slain by Joseph
             ... wielding a +1 quarterstaff of protection
              (15 damage)
             ... on level 7 of the Dungeon.
             The game lasted 00:17:15 (6685 turns).

esteth the Cleaver (Formicid Abyssal Knight)        Turns: 6685, Time: 00:17:15

Health: -3/70      AC:  6    Str: 20    XL:     10   Next: 19%
Magic:  14/14      EV: 10    Int: 12    God:    Lugonu [****..]
Gold:   185        SH:  0    Dex: 10    Spells: 9/9 levels left

rFire    . . .     SeeInvis +   A - +2 battleaxe (curse)
rCold    . . .     Gourm    .   (no shield)
rNeg     + . .     Faith    .   m - +0 scale mail
rPois    .         Spirit   .   (helmet unavailable)
rElec    .         Reflect  .   (no cloak)
rCorr    .         Harm     .   (no gloves)
MR       +....                  (no boots)
Stlth    ..........             l - amulet of regeneration
HPRegen  0.61/turn              u - ring of positive energy
MPRegen  0.14/turn              (no ring)

@: no status effects
A: permanent stasis, dig shafts and tunnels, four strong arms, antennae 3
a: Dig, Shaft Self, Depart the Abyss, Bend Space, Banish, Corrupt, Renounce
Religion


You were on level 7 of the Dungeon.
You worshipped Lugonu.
Lugonu was greatly pleased with you.
You were near starving.

You visited 1 branch of the dungeon, and saw 7 of its levels.
You visited the Abyss 1 time.

You collected 350 gold pieces.
You spent 165 gold pieces at shops.

Inventory:

Hand Weapons
 a - a +1 hand axe
 e - a +2 hand axe of draining
 q - a +1 whip of flaming
 A - a cursed +2 battleaxe (weapon)
Armour
 b - a +0 leather armour
 m - a +0 scale mail (worn)
 w - a +3 large shield
Jewellery
 l - an amulet of regeneration (around neck)
 u - a ring of positive energy (left hand)
Wands
 k - a wand of polymorph (6)
Scrolls
 d - 6 scrolls of identify
 f - 6 scrolls of remove curse
 n - a scroll of random uselessness
Potions
 g - a potion of resistance
 h - a potion of degeneration {unknown}
 i - 3 potions of haste
 j - a potion of cancellation {unknown}
 o - 5 potions of curing
 p - a potion of lignification {unknown}
 r - a potion of flight {unknown}
 t - a potion of magic {unknown}
 v - a potion of heal wounds {unknown}
 z - a potion of might
Comestibles
 c - 14 rations


   Skills:
 - Level 3.3 Fighting
 + Level 12.6 Axes
 - Level 2.2 Armour
 - Level 0.8 Dodging
 + Level 6.1 Invocations


You had 9 spell levels left.
You didn't know any spells.
Your spell library contained the following spells:

 Spells                   Type           Power        Failure   Level  Hunger
 Corona                   Hex            #......      67%         1    ##.....
 Slow                     Hex            #.......     82%         2    ###....
 Inner Flame              Hex/Fire       #.......     96%         3    ####...
 Portal Projectile        Hex/Tloc       #.....       96%         3    ####...
 Cause Fear               Hex            #.........   100%        4    #####..
 Leda's Liquefaction      Hex/Erth       #.........   100%        4    #####..


Dungeon Overview and Level Annotations

Branches:
Dungeon (7/15)             Temple (0/1) D:5

Altars:
Cheibriados
Dithmenos
Fedhas
Gozag
Hepliaklqana
Nemelex Xobeh
Okawaru
Sif Muna
Trog
Uskayaw
Vehumet
Zin
The Shining One

Shops:
D:4 :}   D:5 *(:

Annotations:
D:3 1 runed translucent door, Crazy Yiuf
D:7 Joseph


Innate Abilities, Weirdness & Mutations

You cannot be hasted, slowed, berserked, paralysed or teleported.
You can dig through walls and to a lower floor.
Your four strong arms can wield two-handed weapons with a shield.
You have a pair of large antennae on your head. (SInv)


Message History

You slash Joseph!
Joseph is heavily wounded.
Joseph hits you with a +1 quarterstaff of protection!
You hit Joseph.
Joseph is heavily wounded.
Joseph hits you with a +1 quarterstaff of protection!
You closely miss Joseph.
Joseph is heavily wounded.
Joseph hits you with a +1 quarterstaff of protection.
You hit Joseph but do no damage.
Joseph is heavily wounded.
Joseph hits you with a +1 quarterstaff of protection!
* * * LOW HITPOINT WARNING * * *
You barely miss Joseph.
Joseph is heavily wounded.
Joseph hits you with a +1 quarterstaff of protection!
* * * LOW HITPOINT WARNING * * *
You feel better.
Joseph hits you with a +1 quarterstaff of protection!
You die...

......).##.........#,,,,,,,,>,,,,
.#......#.....##..##*,,,,,,,,,,,,
##......##...##*....,,,,,,,,,,,,,
.............###*###*,,.,,,,,,,,,
...............##**#*#..,**,,,**,
................#*.#....,,,,,,,,*
......##...รท....##.?....,,,,**,,,
...####..##.....#.......,,,,*,,,,
....#...........@.......,,,****,,
..............$.@.......,,,,**,,,
........#.........###...,,,,*,*,,
....#...#...##.....#,,,.,,,,,,,,,
....###.#............,,,,,,,,,,**
.....$#......).##.....,,,,,,****,
...............#*......,,,,,*,,,,
.........#......,......,,,,,,,,,,
.........#...#*,,,,,,,,,,,,,,,,**


You could see Joseph.

Vanquished Creatures
  Pikel (D:5)
  Grinder (D:3)
  Prince Ribbit (D:6)
  Eustachio (D:5)
  A hungry ghost (D:7)
  Duvessa (D:4)
  2 sky beasts
  A necrophage (D:6)
  A phantom (D:4)
  An ice beast (D:7)
  3 ogres
  A centaur (D:7)
  A bullfrog (D:6)
  Dowan (D:4)
  2 scorpions
  5 wights (D:7)
  2 howler monkeys
  2 crimson imps
  A hound (D:5)
  3 jellies
  A centaur skeleton (D:7)
  3 bullfrog skeletons
  2 iguanas
  Jessica (D:2)
  Natasha (twice) (D:2)
  4 worker ants
  A hound zombie (D:7)
  A worker ant zombie (D:7)
  Robin (D:3)
  3 gnolls (D:3)
  5 adders
  A shadow imp (D:6)
  2 oozes
  An adder skeleton (D:5)
  5 worms
  4 dart slugs (D:1)
  3 leopard geckos
  14 orcs
  3 ball pythons
  5 giant cockroaches
  13 goblins
  10 hobgoblins
  5 jackals
  7 kobolds
  3 quokkas
  4 bats
  3 frilled lizards
  A quokka zombie (D:6)
  9 rats
149 creatures vanquished.

Notes
Turn   | Place    | Note
-------+----------+-------------------------------------------
     0 | Abyss:1  | esteth the Formicid Abyssal Knight began the quest for the
                  | Orb.
     0 | Abyss:1  | Reached XP level 1. HP: 18/18 MP: 2/2
    88 | Abyss:1  | Noticed a quasit
    90 | D:1      | Escaped the Abyss
   296 | D:1      | Reached XP level 2. HP: 18/24 MP: 3/3
   543 | D:1      | Reached * piety under Lugonu
   745 | D:1      | Reached XP level 3. HP: 26/29 MP: 5/5
  1173 | D:1      | Reached skill level 3 in Axes
  1407 | D:2      | Found a snail-covered altar of Cheibriados.
  1412 | D:2      | Found a glowing silver altar of Zin.
  1413 | D:2      | Found a bloodstained altar of Trog.
  1413 | D:2      | Found an iron altar of Okawaru.
  1413 | D:2      | Found an opulent altar of Gozag.
  1423 | D:2      | Reached XP level 4. HP: 13/35 MP: 6/6
  1465 | D:2      | Found a blossoming altar of Fedhas.
  1466 | D:2      | Found a sparkling altar of Nemelex Xobeh.
  1467 | D:2      | Found a shadowy altar of Dithmenos.
  1575 | D:2      | Noticed Jessica
  1581 | D:2      | Killed Jessica
  1582 | D:2      | Noticed Natasha
  1593 | D:2      | Killed Natasha
  1593 | D:2      | Reached XP level 5. HP: 9/41 MP: 8/8
  1675 | D:2      | Found a deep blue altar of Sif Muna.
  2012 | D:2      | Reached skill level 4 in Axes
  2232 | D:2      | Noticed Natasha
  2242 | D:2      | Killed Natasha
  2501 | D:3      | Reached ** piety under Lugonu
  2548 | D:3      | Found a hazy altar of Hepliaklqana.
  2625 | D:3      | Reached XP level 6. HP: 47/47 MP: 9/9
  2720 | D:3      | Noticed Grinder
  2735 | D:3      | You fall through a shaft!
  2735 | D:4      | Noticed Duvessa
  2735 | D:4      | Noticed Dowan
  2752 | D:4      | Found a hide-covered altar of Uskayaw.
  2960 | D:3      | Reached skill level 5 in Axes
  3297 | D:3      | Found a runed translucent door.
  3298 | D:3      | Noticed Crazy Yiuf
  3378 | D:3      | Noticed Robin
  3425 | D:3      | Killed Robin
  3647 | D:4      | Noticed a phantom
  3778 | D:3      | Killed Grinder
  3778 | D:3      | Reached skill level 6 in Axes
  3778 | D:3      | Reached XP level 7. HP: 8/52 MP: 10/10
  3863 | D:4      | Reached skill level 7 in Axes
  4029 | D:4      | Reached skill level 8 in Axes
  4029 | D:4      | Reached XP level 8. HP: 17/58 MP: 11/11
  4152 | D:4      | Killed Duvessa
  4157 | D:4      | Killed Dowan
  4325 | D:4      | Found Loloty's Gadget Shoppe.
  4378 | D:4      | Found Nesaokag's Book Shoppe.
  4615 | D:5      | Entered Level 5 of the Dungeon
  4631 | D:5      | Found a glowing golden altar of the Shining One.
  4663 | D:5      | Reached skill level 9 in Axes
  4736 | D:5      | Found Fanuyc's Book Boutique.
  4741 | D:5      | Noticed Pikel
  4765 | D:5      | Killed Pikel
  4765 | D:5      | Reached skill level 10 in Axes
  4765 | D:5      | Reached XP level 9. HP: 39/64 MP: 12/12
  4878 | D:5      | Found a radiant altar of Vehumet.
  4881 | D:5      | Reached *** piety under Lugonu
  4950 | D:5      | Found Qouruk's Weapon Shop.
  5014 | D:5      | Found a staircase to the Ecumenical Temple.
  5043 | D:5      | Reached skill level 11 in Axes
  5155 | D:5      | Noticed Eustachio
  5186 | D:5      | Killed Eustachio
  5252 | D:5      | Found Wehunkoe's General Store.
  5277 | D:5      | Bought a +2 large shield for 165 gold pieces
  5601 | D:6      | Noticed Prince Ribbit
  5756 | D:6      | Killed Prince Ribbit
  5897 | D:6      | Reached skill level 12 in Axes
  5933 | D:6      | Found a sparkling altar of Nemelex Xobeh.
  6207 | D:7      | Reached XP level 10. HP: 54/70 MP: 13/13
  6294 | D:7      | Reached skill level 5 in Invocations
  6528 | D:7      | Noticed Joseph
  6675 | D:7      | Reached **** piety under Lugonu
  6684 | D:7      | HP: 1/70 [Joseph/+1 quarterstaff of protection (12)]
  6685 | D:7      | Slain by Joseph

Skill      XL: |  1  2  3  4  5  6  7  8  9 10 |
---------------+-------------------------------+-----
Invocations    | 3 4 6 |  6.1
Axes           | 3 4 6 8 10 12 | 12.6
Fighting       | |  3.3
Armour         | |  2.2
Dodging        | |  0.8

Action                   |  1- 3 |  4- 6 |  7- 9 | 10-12 || total
-------------------------+-------+-------+-------+-------++-------
Melee: Hand axe          |   112 |   257 |   296 |    42 ||   707
       Battleaxe         |       |       |       |    34 ||    34
Invok: Depart the Abyss  |     1 |       |       |       ||     1
 Abil: Shaft Self        |       |     1 |       |       ||     1
  Use: Scroll            |     3 |       |     1 |     7 ||    11
       Potion            |       |     9 |       |     1 ||    10
  Eat: Chunk             |     2 |     8 |     7 |     4 ||    21
Armor: Leather armour    |    29 |    37 |    15 |       ||    81
       Scale mail        |       |       |    72 |    11 ||    83
Dodge: Dodged            |    51 |   151 |   136 |    33 ||   371
